 Dungeon Crawl Stone Soup version 0.22-a0-348-gd16d139 (webtiles) character file.

11942 JeffiDaFish the Destroyer (level 11, -1/90 HPs)
             Began as a White Draconian Fire Elementalist on Apr 8, 2018.
             Was an Elder of Sif Muna.
             Slain by a spiny frog (12 damage)
             ... on level 2 of the Lair of Beasts.
             The game lasted 00:36:50 (14691 turns).

JeffiDaFish the Destroyer (DrFE)                   Turns: 14691, Time: 00:36:51

Health: -1/90      AC: 12    Str: 11    XL:     11   Next: 55%
Magic:  1/24       EV: 12    Int: 20    God:    Sif Muna [****..]
Gold:   510        SH:  0    Dex: 12    Spells: 15/28 levels left

rFire    . . .     SeeInvis .   p - +11 quarterstaff of the Doomed Warrior {drain, rC+ rN+ Int+2}
rCold    + + .     Gourm    .   (shield currently unavailable)
rNeg     + . .     Faith    .   (armour unavailable)
rPois    +         Spirit   .   (helmet restricted)
rElec    .         Reflect  .   h - +0 cloak
rCorr    .         Harm     .   g - +1 pair of gloves
MR       .....                  (no boots)
Stlth    ++........             (no amulet)
HPRegen  0.25/turn              k - ring of poison resistance
MPRegen  0.19/turn              a - +2 ring of protection

@: short of breath, divine energy
A: breathe frost, unfitting armour, cold resistance 1, cold-blooded, AC +7
a: Breathe Frost, Stop Divine Energy, Channel Magic, Forget Spell, Renounce
Religion


You were on level 2 of the Lair of Beasts.
You worshipped Sif Muna.
Sif Muna was greatly pleased with you.
You were not hungry.

You visited 3 branches of the dungeon, and saw 12 of its levels.

You collected 510 gold pieces.

Inventory:

Hand Weapons
 e - a +3 vampiric whip
 p - the +11 quarterstaff of the Doomed Warrior (weapon) {drain, rC+ rN+ Int+2}
   (You found it on level 6 of the Dungeon)

   A truly terrible weapon, it drains the life of those it strikes.
   It affects your intelligence (+2).
   It protects you from cold.
   It protects you from negative energy.
Armour
 f - a scarf of cloud immunity
 g - a +1 pair of gloves (worn)
 h - a +0 cloak (worn)
Magical Staves
 t - an uncursed staff of power
Jewellery
 a - a +2 ring of protection (right hand)
 k - a ring of poison resistance (left hand)
 r - an uncursed ring of fire
Wands
 m - a wand of digging (19)
 o - a wand of scattershot (4)
Scrolls
 d - 3 scrolls of identify
 i - a scroll of magic mapping
 j - 2 scrolls of remove curse
 l - a scroll of amnesia
 n - 2 scrolls of teleportation
 s - 2 scrolls of enchant weapon
Potions
 c - a potion of brilliance
 q - a potion of flight
Comestibles
 b - 23 rations


   Skills:
 + Level 6.3 Fighting
 + Level 5.6 Staves
 - Level 1.7 Dodging
 - Level 1.7 Stealth
 * Level 9.2 Spellcasting
 * Level 11.0 Conjurations
 + Level 7.0 Fire Magic


You had 15 spell levels left.
You knew the following spells:

 Your Spells              Type           Power        Failure   Level  Hunger
a - Flame Tongue          Conj/Fire      #####        1%          1    None
b - Conjure Flame         Conj/Fire      #####...     1%          3    None
c - Sticky Flame          Conj/Fire      #####...     1%          4    ###....
d - Fireball              Conj/Fire      #####.....   4%          5    #####..


Dungeon Overview and Level Annotations

Branches:
Dungeon (9/15)             Temple (1/1) D:6            Lair (2/6) D:9
  Swamp: Lair:2-4    Shoals: Lair:2-4     Snake: Lair:2-4    Spider: Lair:2-4
    Orc: D:9-12

Altars:
Ashenzari
Cheibriados
Dithmenos
Elyvilon
Fedhas
Gozag
Hepliaklqana
Kikubaaqudgha
Makhleb
Nemelex Xobeh
Okawaru
Qazlal
Ru
Sif Muna
Trog
Uskayaw
Vehumet
Wu Jian
Xom
Yredelemnul
Zin
The Shining One

Shops:
D:4 *   D:5 =


Innate Abilities, Weirdness & Mutations

You can breathe waves of freezing cold.
You can buffet flying creatures when you breathe cold.
Your icy white scales are hard. (AC +7)
You cannot fit into any form of body armour.
Your flesh is cold resistant. (rC+)
You are cold-blooded and may be slowed by cold attacks.


Message History

Aiming: Flame Tongue (safe; 1% risk of failure)
Press: ? - help, Shift-Dir - straight line, f/p - spiny frog
Aim: a spiny frog The flame tongue hits the spiny frog.
The spiny frog is lightly wounded.
Casting: Flame Tongue (safe; 1% risk of failure)
Confirm with . or Enter, or press ? or * to list all spells.
Aiming: Sticky Flame (safe; 1% risk of failure)
Press: ? - help, Shift-Dir - straight line, f/p - spiny frog
Aim: a spiny frog (lightly wounded)
The sticky flame hits the spiny frog.
The spiny frog is moderately wounded.
The spiny frog is covered in liquid flames!
Sif Muna grants you divine energy.
You briefly lose access to your magic!
The spiny frog burns!
The spiny frog stings you but does no damage.
The spiny frog burns!
You regain access to your magic.
The spiny frog burns!
The spiny frog stings you!
You die...

####....#
##...#..##
.........#
.........#
.....##..#
.$...##..#
....##...#
...P....#
.......@#
.......F#
#.......#
...##....#
... ##..##
#% #..#
...# ##...
...#


You could see a spiny frog (burning).

Vanquished Creatures
  2 hydras
  A centaur warrior (D:9)
  2 elephants (Lair:2)
  A spiny frog (Lair:2)
  A rime drake (Lair:1)
  Prince Ribbit (D:5)
  A troll (D:9)
  3 blink frogs (Lair:1)
  A hippogriff (Lair:1)
  A wyvern (Lair:2)
  11 yaks
  The ghost of NateTC the Slasher, an amateur HOFi (D:5)
  Menkaure (D:4)
  4 water moccasins
  9 porcupines
  An ice beast (D:9)
  2 black bears (D:9)
  A phantom (D:8)
  4 ogres
  9 wolves
  3 centaurs
  2 crocodiles (D:9)
  7 bullfrogs
  2 gnoll sergeants
  3 scorpions
  5 wights (D:9)
  6 killer bees (D:9)
  A howler monkey (D:5)
  6 crimson imps
  A bullfrog zombie (D:9)
  A hound (D:7)
  8 jellies
  3 orc wizards
  An orc priest (D:4)
  A bullfrog skeleton (D:9)
  Terence (D:2)
  2 iguanas
  5 worker ants
  A hound zombie (D:8)
  A worker ant zombie (D:5)
  A howler monkey skeleton (D:8)
  5 gnolls (D:7)
  11 adders
  2 shadow imps
  2 oozes
  An adder skeleton (D:4)
  4 worms
  4 leopard geckos
  30 orcs
  3 giant cockroaches
  10 goblins
  10 hobgoblins
  15 jackals
  7 kobolds
  6 quokkas
  A ball python (D:3)
  8 bats
  3 frilled lizards
  A quokka zombie (D:7)
  5 rats
246 creatures vanquished.

Vanquished Creatures (others)
  10 fungi
  11 plants
21 creatures vanquished.

Grand Total: 267 creatures vanquished

Notes
Turn   | Place    | Note
-------+----------+-------------------------------------------
     0 | D:1      | JeffiDaFish the Draconian Fire Elementalist began the quest for the Orb.
     0 | D:1      | Reached XP level 1. HP: 14/14 MP: 3/3
   640 | D:1      | Reached XP level 2. HP: 20/20 MP: 3/5
   840 | D:1      | Reached skill level 2 in Conjurations
  1249 | D:1      | Reached XP level 3. HP: 26/26 MP: 6/6
  1257 | D:1      | Learned a level 3 spell: Conjure Flame
  1954 | D:2      | Noticed Terence
  1967 | D:2      | Killed Terence
  1967 | D:2      | Reached XP level 4. HP: 21/33 MP: 0/7
  2133 | D:2      | Reached skill level 3 in Conjurations
  2496 | D:2      | Learned a level 4 spell: Sticky Flame
  2784 | D:3      | Found a glowing golden altar of the Shining One.
  2880 | D:3      | Found a white marble altar of Elyvilon.
  3240 | D:3      | Reached XP level 5. HP: 32/38 MP: 7/9
  3560 | D:4      | Noticed an ogre
  3573 | D:4      | Killed an ogre
  3573 | D:4      | Reached skill level 4 in Conjurations
  3766 | D:4      | Found Zaoc's General Store.
  3877 | D:4      | Noticed Menkaure
  3887 | D:4      | Killed Menkaure
  3887 | D:4      | Reached XP level 6. HP: 45/45 MP: 3/11
  4089 | D:4      | Found a hazy altar of Hepliaklqana.
  4240 | D:4      | Found an ancient bone altar of Kikubaaqudgha.
  4242 | D:4      | Found an opulent altar of Gozag.
  4242 | D:4      | Found a bloodstained altar of Trog.
  4244 | D:4      | Found a shimmering altar of Xom.
  4244 | D:4      | Found an opulent altar of Gozag.
  4244 | D:4      | Found a shadowy altar of Dithmenos.
  4485 | D:4      | Reached skill level 5 in Conjurations
  4869 | D:5      | Entered Level 5 of the Dungeon
  4869 | D:5      | Found an iron altar of Okawaru.
  4873 | D:5      | Your scales start taking on an icy white colour.
  4873 | D:5      | Reached XP level 7. HP: 50/50 MP: 7/12
  4873 | D:5      | Gained mutation: Your flesh is cold resistant. (rC+) [White Draconian growth]
  5344 | D:5      | Noticed NateTC's ghost (amateur HOFi)
  5465 | D:5      | Found Receahol's Jewellery Boutique.
  5502 | D:5      | Found a blossoming altar of Fedhas.
  5502 | D:5      | Found a burning altar of Makhleb.
  5521 | D:5      | Found a hide-covered altar of Uskayaw.
  5523 | D:5      | Found a basalt altar of Yredelemnul.
  5525 | D:5      | Found a faded altar of an unknown god.
  5620 | D:5      | Found a shattered altar of Ashenzari.
  6018 | D:5      | Killed NateTC's ghost
  6018 | D:5      | Reached skill level 6 in Conjurations
  6258 | D:5      | Noticed Prince Ribbit
  6263 | D:5      | Killed Prince Ribbit
  6782 | D:6      | Reached XP level 8. HP: 49/57 MP: 14/14
  7082 | D:6      | Reached skill level 7 in Conjurations
  7530 | D:6      | Got a crude quarterstaff
  7531 | D:6      | Identified the +11 quarterstaff of the Doomed Warrior {drain, rC+ rN+ Int+2} (You found it on level 6 of the Dungeon)
  7808 | D:6      | Reached skill level 5 in Spellcasting
  7857 | D:6      | Found a staircase to the Ecumenical Temple.
  7861 | D:6      | Reached skill level 5 in Fire Magic
  7867 | Temple   | Entered the Ecumenical Temple
  7918 | Temple   | Became a worshipper of Sif Muna the Loreminder
  8096 | D:7      | Reached skill level 1 in Fighting
  8098 | D:7      | Reached skill level 1 in Staves
  8619 | D:7      | Found a stormy altar of Qazlal.
  8622 | D:7      | Noticed an air elemental
  8672 | D:7      | Reached skill level 8 in Conjurations
  8672 | D:7      | Reached XP level 9. HP: 67/67 MP: 14/17
  8726 | D:7      | Identified the cursed +3 spear of Qyingiasm {freeze, rPois Str+9} (You found it on level 7 of the Dungeon)
  9085 | D:8      | Reached * piety under Sif Muna
  9361 | D:8      | Found a radiant altar of Vehumet.
 10092 | D:9      | Reached ** piety under Sif Muna
 10092 | D:9      | Reached skill level 9 in Conjurations
 10347 | D:9      | Reached XP level 10. HP: 78/78 MP: 15/20
 10541 | D:9      | Noticed a centaur warrior
 10550 | D:9      | Killed a centaur warrior
 11590 | D:9      | Reached *** piety under Sif Muna
 11657 | D:9      | Reached skill level 10 in Conjurations
 11841 | D:9      | Identified the +6 trident "Kaemuvuj" {pierce, Str+3} (You found it on level 9 of the Dungeon)
 12048 | D:9      | Found a staircase to the Lair.
 12140 | D:9      | Reached skill level 5 in Fighting
 12449 | Lair:1   | Entered Level 1 of the Lair of Beasts
 12524 | Lair:1   | Noticed a four-headed hydra
 12534 | Lair:1   | HP: 2/81 [four-headed hydra (7)]
 12535 | Lair:1   | Killed a four-headed hydra
 12540 | Lair:1   | Reached XP level 11. HP: 4/88 MP: 5/23
 13286 | Lair:1   | Reached skill level 5 in Staves
 13881 | Lair:2   | Noticed a six-headed hydra
 13889 | Lair:2   | Killed a six-headed hydra
 14198 | Lair:1   | Reached **** piety under Sif Muna
 14381 | Lair:1   | Learned a level 5 spell: Fireball
 14404 | Lair:2   | Reached skill level 11 in Conjurations
 14657 | Lair:2   | HP: 3/89 [wolf (3)]
 14691 | Lair:2   | Slain by a spiny frog

Vault maps used:
D:1:      dpeg_arrival_shrine, serial_glass, glass_columns_a, glass_columns_b,
          minmay_strange_pillars, minmay_strange_pillars, feat_on_display,
          hangedman_decor_diamond_cutter
D:2:      uniq_terence
D:3:      old_standard_altar, lemuel_round_altar
D:4:      kennysheep_little_box, doesnt_xom_only_xom, first_ration,
          serial_shops, nicolae_shop_temple_entry_statues_fountains,
          uniq_menkaure
D:5:      nicolae_overflow_hidden_temple, okawaru_ov_weapons_minmay,
          chequers_temple_overflow_minitemple, portal_sewer_entry_d,
          serial_shops, nicolae_shop_behind_doors, uniq_prince_ribbit1
D:6:      minmay_temple_entry_overgrown
D:7:      nicolae_qazlal_style_of_elements, grunt_ogre_cave,
          grunt_decor_arrowhead, corexii_hall_statues_l
D:8:      vehumet_altar_wand_db
D:9:      due_lair_maze_entry_diamond, kennysheep_generic_room_3
Temple:   zaba_magenta_temple
Lair:1:   grunt_megastairs_1, lemuel_fruit_fields, lemuel_fruit_tree
Lair:2:   minmay_swamp_entry_worms, guppyfry_snake_entry_garden,
          portal_ice_cave_entry_imps, nzn_random_ring

Skill      XL: |  1  2  3  4  5  6  7  8  9 10 11 |
---------------+----------------------------------+-----
Conjurations   | 2 3 4 5 6 8 9 10 11 | 11.0
Spellcasting   | 3 4 5 7 8 9 |  9.2
Fire Magic     | 4 3 4 5 6 7 |  7.0
Fighting       | 1 3 5 6 |  6.3
Staves         | 1 3 4 5 |  5.6
Dodging        | |  1.7
Stealth        | |  1.7

Action                   |  1- 3 |  4- 6 |  7- 9 | 10-12 || total
-------------------------+-------+-------+-------+-------++-------
Melee: Whip              |    83 |   109 |   349 |       ||   541
       Tailslap          |     4 |     4 |    34 |     3 ||    45
       Quarterstaff      |       |       |    97 |    77 ||   174
 Cast: Flame Tongue      |    35 |    68 |    98 |    78 ||   279
       Sticky Flame      |       |     7 |    27 |    58 ||    92
       Conjure Flame     |       |       |     2 |       ||     2
       Fireball          |       |       |       |     1 ||     1
Invok: Divine Energy     |       |       |     1 |       ||     1
 Abil: Breathe Frost     |       |       |     4 |     2 ||     6
  Use: Scroll            |     3 |     8 |     4 |     7 ||    22
       Potion            |     2 |     4 |     4 |     5 ||    15
 Stab: Sleeping          |     1 |     1 |     1 |     1 ||     4
       Distracted        |       |     1 |       |       ||     1
  Eat: Chunk             |     4 |     8 |    13 |    12 ||    37
       Ration            |       |     2 |     3 |     2 ||     7
Armor: Skin              |    28 |    46 |   198 |    72 ||   344
Dodge: Dodged            |    65 |    78 |   285 |   122 ||   550

Table legend:
 A = Spawn XP
 B = Non-spawn XP
 C = Spawn XP percentage of total XP
 D = Spawn monster count
 E = Non-spawn monster count
 F = Spawn count percentage of total count
 G = Total turns spent on level
                    A         B        C        D         E        F      G
               +---------+---------+-------+---------+---------+-------+---------
         Total |       0 |   17060 |   0.0 |       0 |     246 |   0.0 | 14691
               +---------+---------+-------+---------+---------+-------+---------
           D:1 |       0 |      42 |   0.0 |       0 |      23 |   0.0 |  1462
           D:2 |       0 |     110 |   0.0 |       0 |      25 |   0.0 |  1247
           D:3 |       0 |      53 |   0.0 |       0 |      19 |   0.0 |   753
           D:4 |       0 |     491 |   0.0 |       0 |      26 |   0.0 |  1493
           D:5 |       0 |     715 |   0.0 |       0 |      12 |   0.0 |  1659
           D:6 |       0 |     686 |   0.0 |       0 |      21 |   0.0 |  1336
           D:7 |       0 |     881 |   0.0 |       0 |      20 |   0.0 |   863
           D:8 |       0 |    1342 |   0.0 |       0 |      21 |   0.0 |  1387
           D:9 |       0 |    5085 |   0.0 |       0 |      47 |   0.0 |  2525
        Lair:1 |       0 |    4013 |   0.0 |       0 |      18 |   0.0 |  1178
        Lair:2 |       0 |    3642 |   0.0 |       0 |      14 |   0.0 |   723
               +---------+---------+-------+---------+---------+-------+---------
